 Dungeon Crawl Stone Soup version 0.27-a0-291-gd9602db6ee (webtiles) character file.

Game seed: 1517243041833438281

11552 runeeyes the Martial Artist (level 11, 0/78 HPs)
             Began as an Octopode Chaos Knight on Feb 9, 2021.
             Was a Priest of Okawaru.
             Slain by a minotaur
             ... wielding a +1 short sword of electrocution
              (23 damage)
             ... in a Gauntlet.
             The game lasted 00:26:31 (18610 turns).

runeeyes the Martial Artist (OpCK)                 Turns: 18610, Time: 00:26:32

Health: 0/78       AC:  3    Str: 10 (11) XL:     11   Next: 79%
Magic:  17/17      EV: 23    Int: 16 (17) God:    Okawaru [***...]
Gold:   635        SH:  5    Dex: 11 (13) Spells: 13/18 levels left

rFire    + + .     SeeInvis .     - Unarmed
rCold    . . .     Faith    .   (no shield)
rNeg     . . .     Spirit   .   (helmet restricted)
rPois    .         Reflect  +   q - amulet of reflection
rElec    .         Harm     .   b - ring of protection from fire
rCorr    .         Rampage  .   t - ring of flight
Will     .....     NoTele   +   (no ring)
Stlth    ++++......             (no ring)
HPRegen  0.23/turn              (no ring)
MPRegen  0.15/turn              (no ring)
                                (no ring)
                                (no ring)

@: heroism
A: almost no armour, stealthy swim, amphibious, 8 rings, constrict 8, repulsion
field 2, yellow scales 1, camouflage 1, deterioration 1, fire resistance 1,
screaming 2, gelatinous body 1
a: Renounce Religion, Evoke Flight, Heroism


You were in a Gauntlet.
You worshipped Okawaru.
Okawaru was most pleased with you.
You visited 3 branches of the dungeon, and saw 13 of its levels.
You also visited: Gauntlet.

You collected 635 gold pieces.

Inventory:

Hand Weapons
 w - the +1 flail "Kuagocra" {vorpal, rPois}
   (You found it on level 6 of the Dungeon)

   It inflicts extra damage upon your enemies.
   It protects you from poison.
Missiles
 d - 3 javelins (quivered)
Magical Staves
 a - an uncursed staff of fire {unknown}
 D - an uncursed staff of poison {unknown}
Jewellery
 b - a ring of protection from fire (left tentacle)
 q - an amulet of reflection (around mantle)
 t - a ring of flight (right tentacle)
Wands
 e - a wand of polymorph (9)
 g - a wand of paralysis (4)
 r - a wand of digging (1) {@v3}
 v - a wand of charming (4)
 A - a wand of iceblast (36) {@v2}
Scrolls
 f - a scroll of enchant armour
 h - 2 scrolls of blinking {@r4}
 j - a scroll of enchant weapon
 k - 3 scrolls of fog
 l - 2 scrolls of magic mapping {@r5}
 n - 2 scrolls of amnesia
 o - a scroll of immolation
 s - 2 scrolls of vulnerability
 x - 7 scrolls of remove curse {@r2}
 B - a scroll of identify {@r1}
 C - 2 scrolls of teleportation {@r3}
Potions
 i - 7 potions of curing {@q1}
 m - 5 potions of brilliance
 u - a potion of mutation


   Skills:
 + Level 8.7(13.7) Fighting
 * Level 9.0(14.0) Dodging
 - Level 9.3(14.3) Unarmed Combat
 - Level 4.0 Spellcasting
 - Level 4.0 Conjurations
 - Level 3.0 Translocations
 - Level 4.0 Air Magic
 - Level 2.0 Poison Magic
 - Level 5.0 Invocations
 - Level 5.9 Evocations


You had 13 spell levels left.
You knew the following spells:

 Your Spells              Type           Power        Failure   Level
a - Blink                 Tloc           N/A          8%          2
b - Mephitic Cloud        Conj/Pois/Air  13%          13%         3

Your spell library contained the following spells:

 Spells                   Type           Power        Failure   Level
 Magic Dart               Conj           64%          3%          1
 Gell's Gravitas          Tloc           6%           14%         3
 Conjure Flame            Conj/Fire      9%           22%         3
 Call Imp                 Summ           3%           26%         2
 Slow                     Hex            3%           26%         2
 Confusing Touch          Hex            3%           45%         3
 Petrify                  Tmut/Erth      3%           86%         4
 Metabolic Englaciation   Hex/Ice        1%           99%         5
 Yara's Violent Unravell  Hex/Tmut       1%           99%         5


Dungeon Overview and Level Annotations

Branches:
Dungeon (11/15)            Temple (1/1) D:4            Lair (1/6) D:9
    Orc (0/2) D:11        Gauntlet (1/1)

Altars:
Ashenzari
Cheibriados
Dithmenos
Elyvilon
Fedhas
Gozag
Hepliaklqana
Kikubaaqudgha
Makhleb
Nemelex Xobeh
Okawaru
Qazlal
Ru
Sif Muna
Trog
Uskayaw
Vehumet
Wu Jian
Xom
Yredelemnul
Zin
The Shining One

Shops:
D:10 :

Annotations:
D:7 1 runed translucent door, iamserjio's ghost, novice VSTm Gauntlet 6 transporters, 1 runed translucent door


Innate Abilities, Weirdness & Mutations

You cannot wear most types of armour.
You are very stealthy in the water. (Stealth+)
You are amphibious.
You can wear up to eight rings at the same time.
You can use your tentacles to constrict eight enemies at once.
Your skin changes colour to match your surroundings (Stealth+).
Your rubbery body absorbs attacks. (AC +1, EV +1)
You are surrounded by a moderate repulsion field. (EV +3)
You are partially covered in yellow scales. (AC +2)
Your body sometimes deteriorates upon taking damage.
Your flesh is heat resistant. (rF+)
You sometimes yell uncontrollably at your foes.


Message History

Your body deteriorates!
You feel weakened.
You are electrocuted!
* * * LOW HITPOINT WARNING * * *
The minotaur completely misses you.
You feel much better.
You constrict the minotaur.
The minotaur drinks a potion.
The minotaur is healed!
You batter the minotaur!! You constrict the minotaur.
You bludgeon the minotaur!
You constrict the minotaur, but do no damage.
The minotaur completely misses you.
The minotaur gores you but does no damage.
You tentacle-slap the minotaur. You squeeze the minotaur.
You constrict the minotaur, but do no damage.
The minotaur hits you with a +1 short sword of electrocution.
* * * LOW HITPOINT WARNING * * *
The minotaur misses you.
You tentacle-slap the minotaur but do no damage.
You constrict the minotaur.
The minotaur hits you with a +1 short sword of electrocution!!
You die...

##+### #.(..#
#...⌠+ +⌠...#
#.H∩.# #@#
######'#######
#.............#
#.###.###.###.#
............#
#.###.###.###
####.###.###.#####
.................#
.8.8.8.©.©.8.8.8.#


You could see a minotaur (poisoned).

Vanquished Creatures
  A two-headed ogre (D:10)
  A shock serpent (shapeshifter) (D:8)
  A fire crab (Gauntlet)
  Maurice (D:10)
  A gargoyle (D:10)
  A torpor snail (Gauntlet)
  A komodo dragon (D:9)
  A troll (D:9)
  3 flying skulls (Gauntlet)
  4 yaks
  2 fire bats (Gauntlet)
  A wyvern (Lair:1)
  Grum (D:11)
  Edmund (D:5)
  8 orc warriors
  4 ice beasts
  2 black bears (D:9)
  3 sky beasts
  A necrophage (D:11)
  2 ogres
  3 centaurs
  A phantom (D:9)
  5 wolves
  3 kobold brigands
  Blork the orc (D:5)
  A bullfrog (D:10)
  A wyvern zombie (D:9)
  2 scorpions
  12 killer bees
  8 wights (D:10)
  11 howler monkeys
  A centaur zombie (D:6)
  2 bullfrog zombies
  6 hounds
  7 orc priests
  3 jellies
  Jessica (D:3)
  15 orc wizards
  5 iguanas
  Natasha (thrice) (D:4)
  15 worker ants
  A hound skeleton (D:8)
  A worker ant zombie (D:5)
  A howler monkey skeleton (D:9)
  7 gnolls
  12 adders
  A shadow imp (D:7)
  2 white imps (D:8)
  2 ufetubi
  3 oozes
  2 adder skeletons
  A worm (D:3)
  5 dart slugs
  6 leopard geckos
  41 orcs
  A ball python (D:4)
  10 bats
  4 giant cockroaches
  7 goblins
  11 hobgoblins
  15 jackals
  13 kobolds
  6 quokkas
  8 frilled lizards
  A quokka skeleton (D:5)
  A quokka zombie (D:7)
  5 rats
313 creatures vanquished.

Vanquished Creatures (collateral kills)
  Joseph (D:8)
  An orc warrior (D:8)
  A scorpion (D:5)
  An orc priest (D:5)
  An orc wizard (D:8)
  An adder (D:5)
  A shadow imp (D:5)
  A leopard gecko (D:5)
  4 orcs
12 creatures vanquished.

Vanquished Creatures (others)
  A wyvern (D:10)
  A yak (D:10)
  An eye of draining (D:10)
  A fungus (Lair:1)
  52 plants
  4 withered plants (Gauntlet)
60 creatures vanquished.

Grand Total: 385 creatures vanquished

Notes
Turn   | Place    | Note
-------+----------+-------------------------------------------
     0 | D:1      | runeeyes the Octopode Chaos Knight began the quest for the
                  | Orb.
     0 | D:1      | Reached XP level 1. HP: 16/16 MP: 1/1
   117 | D:1      | Reached XP level 2. HP: 15/21 MP: 2/2
   117 | D:1      | XOM: potion effect (curing)
   132 | D:1      | XOM: silly message
   361 | D:1      | XOM: silly message
   396 | D:1      | Reached XP level 3. HP: 26/26 MP: 3/3
   506 | D:1      | XOM: silly message
   969 | D:3      | XOM: 1-stop teleportation journey
  1068 | D:2      | XOM: blink monster(s)
  1075 | D:2      | Reached XP level 4. HP: 14/31 MP: 4/4
  1247 | D:2      | Reached XP level 5. HP: 25/37 MP: 5/5
  1594 | D:2      | Found a sacrificial altar of Ru.
  1596 | D:2      | XOM: give mutations
  1596 | D:2      | Gained mutation: You are surrounded by a mild repulsion
                  | field. (EV +2) [Xom's mischief]
  1596 | D:2      | Gained mutation: You are frail. (-10% HP) [Xom's mischief]
  1596 | D:2      | Gained mutation: You are dopey. (Int -2) [Xom's mischief]
  1596 | D:2      | Gained mutation: You are surrounded by a moderate repulsion
                  | field. (EV +3) [Xom's mischief]
  1634 | D:2      | XOM: give mutation
  1634 | D:2      | Gained mutation: You occasionally shout uncontrollably at
                  | your foes. [Xom's mischief]
  1897 | D:2      | Reached skill level 1 in Evocations
  2161 | D:3      | XOM: 2-stop teleportation journey
  2276 | D:3      | Noticed Jessica
  2285 | D:3      | Killed Jessica
  2286 | D:3      | Reached XP level 6. HP: 36/38 MP: 6/6
  2321 | D:3      | Reached skill level 5 in Unarmed Combat
  2833 | D:4      | Learned a level 2 spell: Blink
  2837 | D:4      | Learned a level 3 spell: Mephitic Cloud
  3001 | D:4      | XOM: 1-stop teleportation journey
  3027 | D:4      | XOM: 3-stop teleportation journey
  3114 | D:4      | Found a staircase to the Ecumenical Temple.
  3280 | D:4      | Noticed Natasha
  3285 | D:4      | Killed Natasha
  3571 | D:4      | Noticed Natasha
  3574 | D:4      | XOM: butterfly on damage
  3576 | D:4      | Killed Natasha
  3577 | D:4      | Reached XP level 7. HP: 13/43 MP: 7/7
  3763 | D:4      | XOM: noise
  4030 | D:4      | Found a staircase to the Ecumenical Temple.
  4299 | D:4      | XOM: divination: magic mapping
  4395 | D:4      | Noticed Natasha
  4403 | D:4      | Killed Natasha
  4522 | D:4      | XOM: divination: detect creatures
  4554 | D:5      | Entered Level 5 of the Dungeon
  4562 | D:5      | XOM: chaos upgrade
  5010 | D:5      | Noticed Edmund
  5041 | D:5      | Killed Edmund
  5073 | D:5      | Noticed Blork the orc
  5075 | D:5      | XOM: fog
  5080 | D:5      | Killed Blork the orc
  5081 | D:5      | Reached skill level 5 in Fighting
  5092 | D:5      | XOM: cloud trail
  5104 | D:5      | XOM: god gift: 7 boomerangs
  5108 | D:5      | Reached XP level 8. HP: 25/49 MP: 8/8
  5307 | D:5      | XOM: scenery: 2 doors open
  5378 | D:5      | XOM: cast spell 'Summon Dragon'
  5549 | D:5      | Found a sparkling altar of Nemelex Xobeh.
  5670 | D:6      | XOM: enchant monster (bad)
  5843 | D:6      | XOM: silly message
  5870 | D:6      | XOM: scenery: summon butterflies
  6071 | D:6      | Got a steaming flail
  6085 | D:6      | Identified the cursed +1 flail "Kuagocra" {vorpal, rPois}
                  | (You found it on level 6 of the Dungeon)
  6092 | D:6      | Reached skill level 5 in Evocations
  6262 | D:6      | XOM: divination: detect creatures
  6270 | D:6      | XOM: noise
  6281 | D:6      | XOM: silly message
  6380 | D:6      | Found a shimmering altar of Xom.
  6381 | D:6      | Found a glowing silver altar of Zin.
  6383 | D:6      | Found a shadowy altar of Dithmenos.
  6383 | D:6      | Found an ancient bone altar of Kikubaaqudgha.
  6574 | D:6      | XOM: divination: detect items
  7065 | D:7      | Found a runed translucent door.
  7065 | D:7      | Noticed iamserjio's ghost (novice VSTm)
  7069 | D:7      | XOM: noise
  7077 | D:7      | XOM: enchant monster (good)
  7176 | D:7      | Found a broken altar of Ashenzari.
  7188 | D:7      | Reached skill level 1 in Translocations
  7258 | D:7      | XOM: noise
  7279 | D:7      | Reached XP level 9. HP: 18/55 MP: 8/10
  7286 | D:7      | Reached skill level 1 in Spellcasting
  7569 | D:7      | XOM: divination: detect creatures
  7570 | D:7      | XOM: silly message
  7960 | D:7      | XOM: noise
  8295 | D:8      | XOM: god gift: battleaxe {god gift}
  8619 | D:8      | XOM: give mutations
  8619 | D:8      | Gained mutation: Scrolls take you a little longer to read.
                  | [Xom's mischief]
  8619 | D:8      | Gained mutation: You sometimes yell uncontrollably at your
                  | foes. [Xom's mischief]
  8619 | D:8      | Gained mutation: Your flesh is heat resistant. (rF+) [Xom's
                  | mischief]
  8906 | D:8      | XOM: draining
  9852 | D:8      | Noticed a glowing shapeshifter
  9852 | D:8      | a black bear changed into a glowing shapeshifter
  9852 | D:8      | XOM: polymorph black bear -> glowing shapeshifter
  9852 | D:8      | Noticed a deep troll
  9852 | D:8      | a glowing shapeshifter changed into a deep troll
  9853 | D:8      | Noticed a manticore
  9853 | D:8      | a deep troll changed into a manticore
  9856 | D:8      | Noticed a shock serpent
  9856 | D:8      | a manticore changed into a shock serpent
  9861 | D:8      | XOM: noise
  9864 | D:8      | Killed a shock serpent
 10243 | D:8      | Noticed Joseph
 10246 | D:8      | XOM: summons 5 friendly demons
 10258 | D:8      | Killed Joseph
 10259 | D:8      | Reached XP level 10. HP: 62/62 MP: 14/14
 10306 | D:8      | XOM: summons 2 hostile demons
 10307 | D:8      | Noticed a sixfirhy
 10323 | D:8      | XOM: give mutations
 10323 | D:8      | Gained mutation: You are clumsy. (Dex -2) [Xom's mischief]
 10323 | D:8      | Gained mutation: You are partially covered in yellow
                  | scales. (AC +2) [Xom's mischief]
 10323 | D:8      | Lost mutation: You are frail. (-10% HP) [Xom's mischief]
 10323 | D:8      | Lost mutation: You are clumsy. (Dex -2) [Xom's mischief]
 10620 | Temple   | Entered the Ecumenical Temple
 10699 | Temple   | Fell from the grace of Xom
 10699 | Temple   | Became a worshipper of Warmaster Okawaru
 10897 | D:8      | XOM: summons 3 hostile demons
 10910 | D:10     | Entered Level 10 of the Dungeon
 11125 | D:10     | Reached skill level 1 in Invocations
 11206 | D:10     | XOM: 1-stop teleportation journey
 11256 | D:10     | XOM: 1-stop teleportation journey
 11350 | D:11     | XOM: 1-stop teleportation journey
 12133 | D:11     | XOM: 5-stop teleportation journey
 12311 | D:11     | Noticed Grum
 12337 | D:11     | Killed Grum
 12352 | D:11     | Reached * piety under Okawaru
 12587 | D:11     | XOM: summons 3 hostile demons
 12995 | D:11     | Found a staircase to the Orcish Mines.
 13656 | D:10     | Reached skill level 5 in Dodging
 13918 | D:11     | XOM: give mutations
 13918 | D:11     | Lost mutation: You are dopey. (Int -2) [Xom's mischief]
 14009 | D:10     | Noticed Maurice
 14025 | D:10     | Paralysed by a wight for 5 turns
 14290 | D:10     | Killed Maurice
 14557 | D:10     | Paralysed by a wight for 2 turns
 14561 | D:10     | Reached ** piety under Okawaru
 14628 | D:10     | Noticed a two-headed ogre
 14824 | D:10     | Killed a two-headed ogre
 14825 | D:10     | Reached XP level 11. HP: 57/75 MP: 15/17
 14969 | D:10     | Found Geithy's Book Shoppe.
 15667 | D:10     | Reached *** piety under Okawaru
 15942 | D:10     | XOM: give mutations
 15942 | D:10     | Gained mutation: Your body sometimes deteriorates upon
                  | taking damage. [Xom's mischief]
 15942 | D:10     | Lost mutation: Scrolls take you a little longer to read.
                  | [Xom's mischief]
 16721 | D:9      | Reached skill level 5 in Invocations
 17157 | D:9      | XOM: summons 2 hostile demons
 17413 | D:9      | Found a staircase to the Lair.
 17630 | Lair:1   | Entered Level 1 of the Lair of Beasts
 17664 | Lair:1   | Found a gate leading to a gauntlet.
 17674 | Gauntlet | Entered a Gauntlet
 17674 | Gauntlet | Found a transporter.
 17674 | Gauntlet | Found a transporter.
 17930 | Gauntlet | Found a transporter.
 17933 | Gauntlet | Found a transporter.
 17941 | Gauntlet | Found a transporter.
 17945 | Gauntlet | Found a transporter.
 17953 | Gauntlet | Found a transporter.
 17970 | Gauntlet | Found a transporter.
 17980 | Gauntlet | Noticed a wretched star
 17984 | Gauntlet | Found a transporter.
 17988 | Gauntlet | Found a transporter.
 17990 | Gauntlet | Found a runed translucent door.
 17992 | Gauntlet | Found a runed translucent door.
 17992 | Gauntlet | Noticed a fire crab
 17996 | Gauntlet | Found a transporter.
 18000 | Gauntlet | Found a transporter.
 18115 | Gauntlet | Killed a fire crab
 18593 | Gauntlet | Noticed a minotaur
 18610 | Gauntlet | Slain by a minotaur

Illustrated notes

Levels and vault maps discovered:
D:1:      saegor_arrival_simple_d, layout_basic, minmay_heptomino_w4
D:2:      layout_basic, nicolae_ru_path_of_blood
D:3:      layout_basic, uniq_jessica
D:4:      layout_gridville, minmay_temple_entry_gardened_gates,
          kennysheep_generic_room_7, uniq_natasha
D:5:      layout_rooms, nemelex_altar_shiori, kennysheep_generic_room_15,
          uniq_edmund, uniq_blork_the_orc
D:6:      layout_basic, chequers_temple_overflow_statue_of_worship,
          serial_rivers, chequers_serial_rivers_micro_c,
          chequers_serial_rivers_micro_b, chequers_serial_rivers_micro_c,
          chequers_serial_rivers_micro_e, chequers_serial_rivers_room_b,
          chequers_serial_rivers_micro_b
D:7:      layout_basic, cheibrodos_ashenzari_chains, gammafunk_ghost_grave
D:8:      layout_loops_cross, uniq_joseph
D:9:      layout_cave_pools, david_lair_shrubbed, kennysheep_generic_room_14
D:10:     layout_rooms, serial_shops, shop, lemuel_flamethrower_1, uniq_maurice
D:11:     wad_pebble_path, layout_long_grid, orc_0_dummy, uniq_grum
Temple:   compressed_dpeg_circular_temple
Lair:1:   layout_regular_city, gauntlet_entry_generic,
          grunt_forest_large_clearings
Gauntlet: minmay_gauntlet_77_indecision
          [minmay_gauntlet_arena_77_radiant_squares,
          minmay_gauntlet_arena_77_tiled_triplets,
          minmay_gauntlet_arena_77_cramped, minmay_gauntlet_arena_77_squiggly,
          minmay_gauntlet_arena_77_two_lines, minmay_gauntlet_arena_77_museum,
          gauntlet_exit_hidden_loot]

Skill      XL: |  1  2  3  4  5  6  7  8  9 10 11 |
---------------+----------------------------------+-----
Dodging        | 3 6 9 |  9.0
Unarmed Combat | 4 5 6 8 9 |  9.3
Evocations     | 1 3 4 5 |  5.9
Fighting       | 4 5 6 7 8 |  8.7
Translocations | 1 3 |  3.0
Spellcasting   | 3 4 |  4.0
Conjurations   | 2 3 4 |  4.0
Air Magic      | 2 4 |  4.0
Poison Magic   | 2 |  2.0
Invocations    | 3 5 |  5.0

Action                   |  1- 3 |  4- 6 |  7- 9 | 10-12 || total
-------------------------+-------+-------+-------+-------++-------
Melee: Unarmed           |    81 |   155 |   322 |   497 ||  1055
       Constrict         |    26 |    35 |    64 |    85 ||   210
       Tentacles         |    15 |    20 |    64 |    88 ||   187
       Punch             |     1 |     4 |    19 |    51 ||    75
Throw: Dart              |       |       |    26 |    15 ||    41
       Javelin           |       |       |     2 |       ||     2
       Throwing net      |       |       |       |     1 ||     1
Invok: Heroism           |       |       |       |    23 ||    23
Evoke: Wand              |       |     8 |     6 |     8 ||    22
  Use: Potion            |       |     2 |     5 |    10 ||    17
       Scroll            |       |     5 |    12 |    12 ||    29
 Stab: Sleeping          |     7 |     3 |     5 |     1 ||    16
       Distracted        |       |     1 |     1 |     1 ||     3
       Paralysed         |       |       |       |    14 ||    14
Armor: Skin              |     6 |     9 |    14 |    36 ||    65
Dodge: Dodged            |    52 |    80 |   186 |   410 ||   728
Block: Other             |       |       |       |    78 ||    78

Table legend: (Time is in decaauts)
 A = Elapsed time spent in this place.
 B = Non-inter-level travel time spent in this place.
 C = Inter-level travel time spent in this place.
 D = Time resting spent in this place.
 E = Time spent auto-exploring this place.
 F = Levels seen in this place.
 G = Mean time per level.
                   A        B        C        D        E       F      G
               +--------+--------+--------+--------+--------+-----+--------+
         Total |  18476 |  17900 |    576 |   7058 |   7995 |  14 | 1319.7 |
       Dungeon |  17407 |  16851 |    556 |   6417 |   7879 |  11 | 1582.5 |
        Temple |     99 |     80 |     19 |      0 |      0 |   1 |   99.0 |
          Lair |     41 |     41 |      0 |      0 |      0 |   1 |   41.0 |
      Gauntlet |    928 |    928 |      0 |    641 |    116 |   1 |  928.0 |
               +--------+--------+--------+--------+--------+-----+--------+

Top non-repeatable levels by time:
    D:11: 2764 daAuts
    D:10: 2761 daAuts
     D:8: 2594 daAuts
     D:4: 1924 daAuts
     D:7: 1375 daAuts
     D:5: 1275 daAuts
     D:6: 1111 daAuts
     D:2: 1016 daAuts
Gauntlet: 928 daAuts
     D:9: 911 daAuts
     D:3: 860 daAuts
     D:1: 810 daAuts
  Temple: 99 daAuts
  Lair:1: 41 daAuts
